Map: Acid Plant LE

Players

Cloudy

  • Race: Protoss Protoss
  • League: Master
  • Spawn Location: 5:00

Neeb - Winner!

  • Race: Protoss Protoss
  • Spawn Location: 11:00

Event: 2018 Hangzhou StarCraft Carnival

VOD

Have the link to the VOD?

Description

Time

  • Played on: April 29, 2018, 2:41 a.m.
  • Length: 10:55

All games in this series

Show
View Real Time Build Order
Export as new Build Order

Cloudy Protoss 

Build Orders: Blink Stalkers, Zealot Archon 

Get SALT Encoding   

  12  0:01  Probe  
  13  0:13  Probe  
  14  0:18  Pylon  
  14  0:25  Probe  
  15  0:33  Probe  
  15  0:37  Gateway  
  15  0:41  Probe  
  16  0:49  Assimilator  
  17  0:51  Probe  
  18  1:00  Assimilator  
  18  1:02  Probe  
  19  1:10  Probe  
  19  1:13  Gateway  
  20  1:18  Probe  
  21  1:25  Cybernetics Core  
  21  1:30  Probe  
  22  1:36  Pylon  
  22  1:42  Probe  
  23  1:54  Probe  
  24  2:01  Stalker  
  24  2:02  Warp Gate  
  24  2:05  Stalker  
  28  2:19  Twilight Council  
  28  2:25  Pylon  
  28  2:51  Stalker x2  
  32  3:08  Pylon  
  32  3:09  Blink  
  30  3:21  Probe  
  30  3:22  Nexus  
  31  3:30  Pylon, Probe  
  32  3:38  Probe  
  31  3:44  Shield Battery  
  32  3:51  Probe  
  33  4:01  Probe  
  33  4:06  Adept x2  
  33  4:09  Probe  
  39  4:17  Probe  
  40  4:27  Probe  
  41  4:34  Probe  
  41  4:35  Probe  
  42  4:39  Robotics Facility  
  42  4:43  Probe  
  43  4:46  Probe  
  45  4:56  Probe  
  45  4:58  Probe  
  47  5:03  Stalker x2  
  47  5:08  Probe  
  47  5:10  Pylon, Probe  
  49  5:20  Charge, Probe  
  50  5:23  Probe, Nexus  
  50  5:27  Observer  
  52  5:32  Sentry x2  
  56  5:36  Probe x2  
  58  5:49  Gateway  
  58  5:50  Gateway  
  58  5:58  Pylon, Gateway  
  58  6:04  Gateway  
  58  6:05  Probe x2  
  60  6:13  Gateway  
  60  6:17  Gateway  
  60  6:21  Probe x2  
  60  6:22  Warp Prism  
  64  6:29  Templar Archives  
  64  6:33  Assimilator, Probe  
  64  6:36  Probe  
  64  6:37  Assimilator, Probe  
  67  6:45  Probe  
  68  6:48  Probe  
  68  6:49  Zealot x3  
  68  6:51  Probe  
  76  6:57  Probe  
  76  7:00  Probe  
  78  7:01  Pylon  
  78  7:03  Pylon  
  78  7:07  Probe  
  79  7:09  Pylon  
  79  7:13  Pylon  
  79  7:14  High Templar x2, Zealot  
  85  7:18  Archon  
  85  7:19  Zealot x2  
  85  7:20  High Templar, Zealot  
  85  7:22  Zealot  
  95  7:34  Pylon  
  95  7:37  High Templar, Zealot x2  
  95  7:39  Zealot  
  95  7:40  Zealot  
  95  7:42  Archon  
  105  7:44  Zealot x2  
  91  8:03  Zealot x2  
  91  8:04  Zealot x3  
  85  8:09  Immortal  
  85  8:11  Zealot x3  
  81  8:19  Probe x2  
  70  8:22  Probe  
  73  8:27  Forge  
  73  8:31  Probe x2  
  73  8:32  Zealot x4, Sentry  
  73  8:33  Zealot x3  
  91  8:34  Probe  
  91  8:40  Immortal  
  92  8:43  Probe  
  92  8:44  Probe  
  94  8:50  Protoss Ground Weapons Level 1  
  98  8:56  Zealot x3  
  98  8:57  Assimilator  
  98  8:58  Zealot x3  
  98  8:59  High Templar  
  98  9:01  High Templar, Assimilator  
  114  9:06  Archon  
  114  9:13  Probe x3  
  114  9:14  Assimilator  
  117  9:22  Pylon  
  117  9:23  Pylon  
  117  9:24  Zealot x4  
  117  9:25  Pylon  
  125  9:37  Immortal  
  127  9:56  Zealot x7, Stalker  
  129  10:03  Immortal  
  99  10:19  Zealot x7  
  99  10:21  Zealot  
  103  10:39  High Templar  
  103  10:40  High Templar x3, Zealot x3  
  103  10:41  Zealot  
  119  10:44  Archon x2  
Show
View Real Time Build Order
Export as new Build Order

Neeb Protoss - Winner!

Build Orders: Archon Immortal, Zealot Archon 

Get SALT Encoding   

  12  0:00  Probe  
  13  0:12  Probe  
  14  0:17  Pylon  
  14  0:23  Probe  
  15  0:31  Probe  
  15  0:38  Gateway  
  15  0:40  Probe  
  16  0:45  Assimilator  
  17  0:51  Probe  
  17  0:54  Assimilator  
  18  0:59  Probe  
  19  1:07  Gateway, Probe  
  20  1:17  Probe  
  21  1:28  Cybernetics Core  
  21  1:29  Probe  
  22  1:37  Pylon  
  22  1:41  Probe  
  23  1:55  Probe  
  23  1:57  Warp Gate  
  24  2:06  Adept  
  24  2:07  Adept, Probe  
  29  2:14  Pylon  
  29  2:27  Pylon  
  29  2:35  Stalker  
  29  2:36  Stalker  
  33  2:42  Probe  
  33  2:59  Nexus  
  33  3:02  Probe  
  34  3:09  Sentry x2  
  36  3:20  Robotics Facility  
  36  3:28  Shield Battery  
  36  3:29  Probe  
  37  3:41  Probe  
  38  3:55  Pylon  
  37  3:57  Shield Battery  
  37  4:00  Stalker, Probe  
  39  4:04  Immortal  
  39  4:05  Shield Battery  
  43  4:19  Sentry  
  43  4:21  Probe  
  43  4:23  Probe  
  47  4:31  Shield Battery  
  47  4:34  Probe  
  49  4:41  Stalker  
  49  4:42  Observer  
  51  4:46  Probe  
  51  4:52  Shield Battery, Probe  
  53  4:58  Probe, Immortal  
  54  5:05  Probe  
  59  5:11  Probe  
  59  5:13  Pylon  
  60  5:15  Forge, Assimilator  
  60  5:19  Assimilator, Twilight Council  
  60  5:22  Probe  
  60  5:24  Probe  
  60  5:26  Immortal  
  62  5:34  Probe  
  63  5:36  Probe  
  68  5:45  Protoss Ground Weapons Level 1  
  68  5:46  Probe  
  68  5:48  Probe  
  68  5:49  Pylon  
  70  6:02  Pylon  
  70  6:04  Immortal  
  70  6:05  Pylon  
  70  6:07  Probe x2  
  76  6:12  Charge  
  76  6:17  Gateway  
  76  6:21  Gateway  
  76  6:32  Templar Archives  
  76  6:37  Gateway  
  76  6:39  Pylon  
  76  6:40  Gateway  
  76  6:48  Immortal  
  76  6:49  Probe  
  80  7:11  Nexus  
  80  7:15  High Templar x2, Immortal  
  84  7:19  Archon  
  84  7:21  Pylon  
  84  7:28  High Templar x2  
  84  7:29  Probe x2  
  94  7:35  Gateway  
  94  7:36  Pylon  
  94  7:42  Zealot, Archon  
  94  7:43  Zealot  
  98  7:47  Zealot x2  
  92  8:00  Zealot x2, Immortal  
  92  8:03  Zealot  
  87  8:07  Probe  
  87  8:09  Zealot  
  82  8:15  Zealot x2, Probe  
  82  8:19  Probe  
  81  8:22  Probe  
  81  8:23  Probe  
  81  8:25  Protoss Ground Weapons Level 2  
  83  8:27  Probe  
  83  8:31  Probe  
  83  8:34  High Templar x3, Probe  
  86  8:35  High Templar  
  86  8:37  Probe  
  86  8:40  Archon x2  
  95  8:46  Probe  
  96  8:50  Assimilator  
  96  8:54  Assimilator, Probe  
  96  8:56  Probe  
  96  8:59  Zealot, Probe, Sentry  
  102  9:07  Probe  
  102  9:08  Zealot, Probe, Sentry  
  108  9:11  Probe  
  109  9:18  Zealot x3  
  119  9:27  Warp Prism  
  119  9:30  Photon Cannon  
  117  9:32  High Templar x2  
  117  9:33  Pylon  
  117  9:36  Zealot x2  
  117  9:37  Archon  
  125  9:48  High Templar x2, Zealot  
  131  9:57  Zealot x2  
  127  10:04  Zealot x2  
  119  10:13  Zealot, Probe x2  
  117  10:19  Zealot x2  
  117  10:20  Zealot x2  
  125  10:34  Archon  
  121  10:37  Zealot x3  
  121  10:39  Zealot  
  121  10:42  Pylon  
  133  10:43  Photon Cannon x2, Pylon  
  125  10:54  Zealot  
Tags
 
Add a new tag
Caveats
  • Supply blocks, unpowered buildings, or Contaminate may cause inaccurate times.
  • Supply counts are checked every 10 seconds.